 Dungeon Crawl Stone Soup version 0.27-a0-1196-g3e9cee4cb2 (webtiles) character file.

Game seed: 5837979087085479239

118 bande the Shield-Bearer (level 5, 0/33 HPs)
             Began as a Gargoyle Fighter on May 27, 2021.
             Slain by Crazy Yiuf
             ... wielding a +3 quarterstaff of chaos
              (6 damage)
             ... on level 2 of the Dungeon.
             The game lasted 00:04:01 (2261 turns).

bande the Shield-Bearer (Gargoyle Fighter)          Turns: 2261, Time: 00:04:03

Health: 0/33       AC: 14    Str: 20    XL:     5   Next: 2%
Magic:  3/5        EV:  5    Int: 11    God:
Gold:   46         SH: 10    Dex: 10    Spells: 4/4 levels left

rFire    + . .     SeeInvis .   a - +0 war axe
rCold    + . .     Faith    .   c - +1 kite shield
rNeg     + . .     Spirit   .   d - +0 chain mail
rPois    ∞         Reflect  .   k - +0 helmet {Int+3}
rElec    +         Harm     .   g - scarf {rC+ rF+}
rCorr    .         Rampage  .   (no gloves)
Will     .....                  (no boots)
Stlth    ..........             (no amulet)
HPRegen  0.11/turn              (no ring)
MPRegen  0.09/turn              (no ring)

@: no status effects
A: sickness immunity, AC +4, negative energy resistance 1, electricity
resistance, torment resistance 1, petrification resistance
a: no special abilities


You were on level 2 of the Dungeon.
You visited 1 branch of the dungeon, and saw 2 of its levels.

You collected 46 gold pieces.

Inventory:

Hand Weapons
 a - a +0 war axe (weapon)
Armour
 c - a +1 kite shield (worn)
 d - a +0 chain mail (worn)
 g - a scarf of resistance (worn)
 k - a +0 helmet of intelligence (worn)
Scrolls
 b - a scroll of enchant armour
Potions
 e - 2 potions of mutation {unknown}
 f - a potion of ambrosia {unknown}
 h - a potion of flight {unknown}
 i - a potion of resistance {unknown}
 j - a potion of degeneration {unknown}


   Skills:
 + Level 4.0 Fighting
 + Level 3.0 Axes
 + Level 3.8 Armour
 + Level 0.6 Dodging
 + Level 4.0 Shields


You had 4 spell levels left.
You didn't know any spells.
Your spell library contained the following spells:

 Spells                   Type           Power      Damage    Failure   Level
 Call Imp                 Summ           0%         N/A       100%        2
 Animate Armour           Summ/Erth      0%         N/A       100%        4
 Bolt of Magma            Conj/Fire/Erth 0%         4d4       100%        5
 Statue Form              Tmut/Erth      Unusable   N/A       N/A         6

Dungeon Overview and Level Annotations

Branches:
Dungeon (2/15)

Altars:

Annotations:
D:2 Crazy Yiuf


Innate Abilities, Weirdness & Mutations

You are immune to sickness and miasma.
Your stone body is resilient. (AC +4)
You are immune to poison.
You resist negative energy. (rN+)
You are resistant to electric shocks. (rElec)
You are resistant to unholy torment.
You are immune to petrification.


Message History

You open the door. You slash Crazy Yiuf!
Crazy Yiuf is heavily wounded.
Crazy Yiuf glowers.
Crazy Yiuf hits you with a +3 quarterstaff of chaos.
You completely miss Crazy Yiuf.
Crazy Yiuf is heavily wounded.
Crazy Yiuf says, "Proton!"
Crazy Yiuf hits you with a +3 quarterstaff of chaos.
You block Crazy Yiuf's attack.
You barely miss Crazy Yiuf.
Crazy Yiuf is heavily wounded.
You block Crazy Yiuf's attack.
Crazy Yiuf hits you with a +3 quarterstaff of chaos!
You closely miss Crazy Yiuf.
Crazy Yiuf is heavily wounded.
Crazy Yiuf hits you but does no damage.
You are confused.
You closely miss Crazy Yiuf.
Crazy Yiuf is heavily wounded.
Crazy Yiuf hits you with a +3 quarterstaff of chaos!
You feel your power leaking away.
Crazy Yiuf hits you with a +3 quarterstaff of chaos.
You miss Crazy Yiuf.
Crazy Yiuf is heavily wounded.
You feel less confused. You block Crazy Yiuf's attack.
You hit Crazy Yiuf.
Crazy Yiuf is severely wounded.
You block Crazy Yiuf's attack.
Crazy Yiuf laughs, "Sif Muna shoe canine!"
Crazy Yiuf hits you but does no damage.
You completely miss Crazy Yiuf.
Crazy Yiuf is severely wounded.
Crazy Yiuf hits you with a +3 quarterstaff of chaos.
* * * LOW HITPOINT WARNING * * *
Crazy Yiuf freezes you.
* * * LOW HITPOINT WARNING * * *
Crazy Yiuf hits you with a +3 quarterstaff of chaos.
You die...

#....####.#
#....# #.# #....#
#.# ## #...##
#.#########.
##.##
#........##. #.##
#........##. ##.#
#........##. #.##
#........##. ##@#
#........##. #g#
#........##. ...
####...####.
#...#
#..#.#..####
#..)#
##.#.##.##..
##### #.#.##..#..
##.#.###.#..
######...........
#..#...÷.........


You could see Crazy Yiuf.

Vanquished Creatures
  Terence (D:2)
  Robin (D:2)
  An adder (D:2)
  A dart slug (D:2)
  3 ball pythons
  3 endoplasms
  3 giant cockroaches
  9 goblins
  10 hobgoblins
  12 jackals (D:2)
  2 kobolds (D:1)
  3 quokkas (D:1)
  6 bats
  5 frilled lizards (D:1)
  2 rats (D:1)
62 creatures vanquished.

Notes
Turn   | Place    | Note
-------+----------+-------------------------------------------
     0 | D:1      | bande the Gargoyle Fighter began the quest for the Orb.
     0 | D:1      | Reached XP level 1. HP: 14/14 MP: 1/1
    41 | D:1      | Reached XP level 2. HP: 18/19 MP: 2/2
   647 | D:1      | Reached XP level 3. HP: 24/24 MP: 3/3
  1501 | D:2      | Identified Hongos's Volume of Creative Clay
  1528 | D:2      | Noticed Terence
  1542 | D:2      | Killed Terence
  1543 | D:2      | Reached XP level 4. HP: 5/29 MP: 4/4
  1893 | D:2      | Found a runed translucent door.
  1894 | D:2      | Noticed Crazy Yiuf
  2145 | D:2      | Noticed Robin
  2157 | D:2      | Killed Robin
  2158 | D:2      | Reached XP level 5. HP: 31/33 MP: 5/5
  2261 | D:2      | Slain by Crazy Yiuf

Illustrated notes

Levels and vault maps discovered:
D:1:      beargit_arrival_diablo_church, layout_loops_ring,
          roderic_serpentine_path, chequers_serial_rivers_micro_c, minivault_19,
          minmay_misc_feat_tower, hangedman_decor_riveting
D:2:      layout_rooms, hangedman_decor_diamond_cutter,
          hangedman_decor_clover_reticule, minmay_pentomino_r2, uniq_terence,
          uniq_crazy_yiuf_cottage, uniq_robin

Skill      XL: |  1  2  3  4 |
---------------+-------------+-----
Axes           | 2 3 |  3.0
Fighting       | 4 |  4.0
Shields        | 4 |  4.0
Armour         | |  3.8
Dodging        | |  0.6

Action                   |  1- 3 |  4- 6 || total
-------------------------+-------+-------++-------
Melee: War axe           |   127 |    57 ||   184
  Use: Potion            |     5 |       ||     5
       Scroll            |     2 |       ||     2
Armor: Scale mail        |    93 |       ||    93
       Chain mail        |       |    40 ||    40
Dodge: Dodged            |    62 |    14 ||    76
Block: Kite shield       |    89 |    50 ||   139

Table legend: (Time is in decaauts)
 A = Elapsed time spent in this place.
 B = Non-inter-level travel time spent in this place.
 C = Inter-level travel time spent in this place.
 D = Time resting spent in this place.
 E = Time spent auto-exploring this place.
 F = Levels seen in this place.
 G = Mean time per level.
                   A        B        C        D        E       F      G
               +--------+--------+--------+--------+--------+-----+--------+
         Total |   2354 |   2354 |      0 |    527 |   1293 |   2 | 1177.0 |
       Dungeon |   2354 |   2354 |      0 |    527 |   1293 |   2 | 1177.0 |
               +--------+--------+--------+--------+--------+-----+--------+

Top non-repeatable levels by time:
     D:2: 1269 daAuts
     D:1: 1085 daAuts
